 Dungeon Crawl Stone Soup version 0.27.1-4-g1640c2035a (webtiles) character file.

Game seed: 12678355063531825291

41 Almogavar the Firebug (level 3, 0/26 HPs)
             Began as a Hill Orc Fire Elementalist on Nov 9, 2021.
             Slain by a centaur zombie (4 damage)
             ... on level 4 of the Dungeon.
             The game lasted 00:05:10 (1896 turns).

Almogavar the Firebug (Hill Orc Fire Elementalist)  Turns: 1896, Time: 00:05:10

Health: 0/26       AC:  3    Str: 10    XL:     3   Next: 52%
Magic:  0/6        EV: 12    Int: 16    God:
Gold:   78         SH:  0    Dex: 11    Spells: 5/6 levels left

rFire    . . .     SeeInvis .   g - staff of death
rCold    . . .     Faith    .   (no shield)
rNeg     + . .     Spirit   .   a - +0 robe
rPois    .         Reflect  .   (no helmet)
rElec    .         Harm     .   (no cloak)
rCorr    .         Rampage  .   (no gloves)
Will     .....                  h - +0 pair of boots
Stlth    ++........             (no amulet)
HPRegen  0.08/turn              (no ring)
MPRegen  0.10/turn              (no ring)

@: no status effects
A: no striking features
a: no special abilities


You were on level 4 of the Dungeon.
You visited 1 branch of the dungeon, and saw 3 of its levels.

You collected 78 gold pieces.

Inventory:

Armour
 a - a +0 robe (worn)
 c - a +0 scale mail
 h - a +0 pair of boots (worn)
Magical Staves
 g - a staff of death (weapon)
Scrolls
 f - a scroll of vulnerability {unknown}
 i - a scroll of teleportation {unknown}
Potions
 b - a potion of heal wounds {unknown}
 d - a potion of brilliance {unknown}
 e - a potion of resistance {unknown}


   Skills:
 + Level 2.0 Dodging
 - Level 1.6 Stealth
 + Level 2.0 Spellcasting
 + Level 1.4 Conjurations
 + Level 4.0 Fire Magic


You had 5 spell levels left.
You knew the following spells:

 Your Spells              Type           Power      Damage    Failure   Level
a - Foxfire               Conj/Fire      40%        2x1d6     7%          1

Your spell library contained the following spells:

 Spells                   Type           Power      Damage    Failure   Level
 Conjure Flame            Conj/Fire      10%        6-21      21%         3
 Inner Flame              Hex/Fire       8%         N/A       26%         3
 Sticky Flame             Conj/Fire      10%        2d3       54%         4
 Fireball                 Conj/Fire      5%         3d5       88%         5


Dungeon Overview and Level Annotations

Branches:
Dungeon (2/15)

Altars:


Message History

The centaur zombie is moderately damaged.
The centaur zombie closely misses you. The centaur zombie kicks you.
The centaur zombie closely misses you. The centaur zombie barely misses you.
Casting: Foxfire (safe; 7% risk of failure)
Confirm with . or Enter, or press ? or * to list all spells.
You conjure some foxfire!
The centaur zombie hits you.
* * * LOW HITPOINT WARNING * * *
The centaur zombie kicks you but does no damage.
The foxfire hits the centaur zombie.
The centaur zombie is heavily damaged.
The foxfire hits the centaur zombie.
The centaur zombie is heavily damaged.
The centaur zombie misses you. The centaur zombie closely misses you.
Casting: Foxfire (safe; 7% risk of failure)
Confirm with . or Enter, or press ? or * to list all spells.
You conjure some foxfire!
The centaur zombie hits you.
* * * LOW HITPOINT WARNING * * *
The centaur zombie kicks you.
* * * LOW HITPOINT WARNING * * *
The foxfire hits the centaur zombie.
The centaur zombie is severely damaged.
The foxfire hits the centaur zombie.
The centaur zombie is severely damaged.
The centaur zombie misses you.
The centaur zombie kicks you but does no damage.
The centaur zombie closely misses you. The centaur zombie misses you.
Casting: Foxfire (safe; 7% risk of failure)
Confirm with . or Enter, or press ? or * to list all spells.
You conjure some foxfire!
The centaur zombie barely misses you. The centaur zombie misses you.
The foxfire hits the centaur zombie.
The centaur zombie is almost destroyed.
The foxfire hits the centaur zombie.
The centaur zombie is almost destroyed.
The centaur zombie hits you but does no damage.
The centaur zombie kicks you but does no damage.
Casting: Foxfire (safe; 7% risk of failure)
Confirm with . or Enter, or press ? or * to list all spells.
You conjure some foxfire!
The centaur zombie hits you.
You die...

##### #...#.##### #
#.#.#.....# #.#
######.#Z#####.####.#####
#......#@v...............
##.#####.v##.####.#.#####
#. #....##...##.#.# #.
#.##.####.##.#.# #.
#.##.# #)#..#.### #.
#.##.# #ยง#......# #.
#.##.# #.####)#.# ##
#.##+####......#.#
#..........#####.#


You could see a centaur zombie (ally target).

Vanquished Creatures
  An adder (D:2)
  An orc (D:4)
  2 ball pythons (D:1)
  2 bats
  4 endoplasms
  A giant cockroach (D:2)
  6 goblins
  A hobgoblin (D:1)
  2 quokkas
  2 frilled lizards (D:1)
  3 kobolds
  3 rats
28 creatures vanquished.

Vanquished Creatures (others)
  85 foxfires
85 creatures vanquished.

Grand Total: 113 creatures vanquished

Notes
Turn   | Place    | Note
-------+----------+-------------------------------------------
     0 | D:1      | Almogavar the Hill Orc Fire Elementalist began the quest
                  | for the Orb.
     0 | D:1      | Reached XP level 1. HP: 14/14 MP: 3/3
   286 | D:1      | Reached XP level 2. HP: 20/20 MP: 2/4
  1572 | D:2      | Reached XP level 3. HP: 26/26 MP: 3/5
  1694 | D:2      | You fall into a shaft and drop 2 floors!
  1831 | D:4      | Reached skill level 4 in Fire Magic
  1896 | D:4      | Slain by a centaur zombie

Illustrated notes

Levels and vault maps discovered:
D:1:      wander_arrival_lonely_grave, layout_basic
D:2:      layout_basic, grunt_decor_cap, uniq_natasha
D:4:      layout_basic, vehumet_crystals, nicolae_uskayaw_dance_hall, zin_angel,
          kennysheep_generic_room_8, uniq_sigmund

Skill      XL: |  1  2  3 |
---------------+----------+-----
Dodging        | 2 |  2.0
Spellcasting   | 2 |  2.0
Fire Magic     | 4 |  4.0
Stealth        | |  1.6
Conjurations   | |  1.4

Action                   || total
-------------------------++-------
Melee: Staff             ||     1
 Cast: Foxfire           ||    57
Armor: Robe              ||    13
Dodge: Dodged            ||    35
